 Dungeon Crawl Stone Soup version 0.28-b1-25-g9875b3fc8c (webtiles) character file.

Game seed: 3160460714140572827

10669 boopmooplesden the Carver (level 11, -1/90 HPs)
             Began as a Minotaur Fighter on Feb 1, 2022.
             Was an Elder of Hepliaklqana.
             Slain by a blink frog (13 damage)
             ... on level 2 of the Lair of Beasts.
             The game lasted 00:16:32 (11216 turns).

boopmooplesden the Carver (Minotaur Fighter)       Turns: 11216, Time: 00:16:33

Health: -1/90      AC: 24    Str: 22    XL:     11   Next: 39%
Magic:  10/10      EV:  8    Int:  5    God:    Hepliaklqana [****..]
Gold:   517        SH:  6    Dex: 13    Spells: 10/10 levels left

rFire   . . .      SeeInvis +   a - +1 long sword
rCold   + . .      Faith    .   c - +0 buckler
rNeg    . . .      Spirit   .   d - +1 plate armour
rPois   .          Reflect  .   (helmet restricted)
rElec   .          Harm     .   (no cloak)
rCorr   .          Rampage  .   p - +0 pair of gloves
Will    .....                   G - +1 pair of boots
Stlth   ..........              (no amulet)
HPRegen 0.25/turn               m - ring "Ijuptaqe" {rC+ AC+4}
MPRegen 0.12/turn               s - ring of see invisible

@: no status effects
A: reduced essence, horns 2, retaliatory headbutt
a: Renounce Religion, Recall Ancestor, Ancestor Identity, Transference, Idealise


You were on level 2 of the Lair of Beasts.
You worshipped Hepliaklqana.
Hepliaklqana was greatly pleased with you.
You visited 2 branches of the dungeon, and saw 10 of its levels.

You collected 517 gold pieces.

Inventory:

Hand Weapons
 a - a +1 long sword (weapon)
 j - a +2 trident of venom
Armour
 c - a +0 buckler (worn)
 d - a +1 plate armour (worn)
 p - a +0 pair of gloves (worn)
 G - a +1 pair of boots (worn)
Jewellery
 b - an amulet of guardian spirit
 f - a ring of willpower
 i - a ring of wizardry
 m - the ring "Ijuptaqe" (left hand) {rC+ AC+4}
   (You found it on level 4 of the Dungeon)

   [ring of protection]

   AC:        It affects your AC (+4).
   rC:        It protects you from cold.
 s - a ring of see invisible (right hand)
 w - a ring of fire
 y - an amulet of faith
Wands
 B - a wand of paralysis (6)
 D - a wand of acid (5)
 E - a wand of flame (21)
Scrolls
 e - a scroll of teleportation
 l - 3 scrolls of silence
 o - a scroll of blinking
 q - 4 scrolls of identify
 v - a scroll of fear
 F - a scroll of enchant weapon
 H - a scroll of summoning
Potions
 g - a potion of magic {unknown}
 h - a potion of attraction
 k - a potion of degeneration {unknown}
 n - a potion of flight {unknown}
 r - 4 potions of mutation {unknown}
 t - a potion of cancellation {unknown}
 u - a potion of lignification {unknown}
 x - a potion of curing
 z - 3 potions of might
 A - a potion of haste {unknown}
 C - a potion of brilliance {unknown}


   Skills:
 + Level 10.5 Fighting
 + Level 14.0 Long Blades
 + Level 11.4 Armour
 + Level 3.1 Dodging
 + Level 1.9 Stealth
 + Level 7.2 Shields


You had 10 spell levels left.
You didn't know any spells.
Your spell library was empty.

Dungeon Overview and Level Annotations

Branches:
Dungeon (8/15)             Temple (0/1) D:7            Lair (2/6) D:8
  Swamp: Lair:2-4    Shoals: Lair:2-4     Snake: Lair:2-4    Spider: Lair:2-4

Altars:
Fedhas
Gozag
Hepliaklqana
Kikubaaqudgha
Makhleb
Qazlal
Ru
Zin
The Shining One


Innate Abilities, Weirdness & Mutations

Your life essence is reduced to manifest your ancestor. (-10% HP)
You have a pair of horns on your head.
You reflexively headbutt those who attack you in melee.


Message History

You barely miss the cane toad. You headbutt the cane toad.
The cane toad is severely wounded.
The blink frog hits you but does no damage.
The cane toad stings you.
* * * LOW HITPOINT WARNING * * *
You feel better.
The blink frog blinks! x2
The blink frog hits you but does no damage.
The cane toad stings you but does no damage.
The blink frog blinks! x3
The cane toad stings you but does no damage.
You slash the blink frog!
The blink frog is severely wounded.
The blink frog blinks!
The cane toad stings you but does no damage.
The blink frog hits you but does no damage.
You slash the blink frog! Your headbutt misses the blink frog.
The blink frog is almost dead.
The blink frog hits you but does no damage.
The cane toad stings you but does no damage.
The blink frog hits you but does no damage.
You miss the blink frog.
The blink frog is severely wounded.
The blink frog hits you but does no damage.
The cane toad stings you but does no damage.
The blink frog completely misses you.
You barely miss the blink frog.
The blink frog is severely wounded.
The blink frog barely misses you. You furiously retaliate!
You headbutt the blink frog.
The blink frog blinks!
You block the cane toad's attack.
The blink frog blinks!
A nearby fungus withers and dies.
The blink frog hits you!
* * * LOW HITPOINT WARNING * * *
The blink frog completely misses you. You furiously retaliate!
You headbutt the blink frog!
The blink frog blinks!
The blink frog blinks!
The blink frog hits you!
* * * LOW HITPOINT WARNING * * *
The blink frog blinks!
The blink frog blinks!
The blink frog hits you!
You die...

#.......<.....#
##F....#
###...####
#.§..## #..P##
#..#####
####'.F...####
##..F.F.......#
#......@......#
##....§.......#
#....<.F.....#
#............###
##........F.....#
#.............+.#
##............#
###.##.####.#.#
###### ## #


You could see a cane toad and 4 blink frogs.

Vanquished Creatures
  Pikel (D:5)
  A centaur zombie (D:8)
  2 black mambas (Lair:1)
  A cane toad (Lair:2)
  2 komodo dragons (Lair:1)
  A troll (D:8)
  Prince Ribbit (D:5)
  A slime creature (D:8)
  4 blink frogs
  A wyvern (D:7)
  Sigmund (D:4)
  5 yaks
  A vampire mosquito (D:5)
  2 water moccasins
  3 sky beasts
  A black bear (D:5)
  2 orc warriors
  An ice beast (D:7)
  A necrophage (D:6)
  An ogre (D:6)
  9 wolves
  2 lemures (D:5)
  2 phantoms
  3 bullfrogs
  2 water moccasin zombies
  A scorpion (D:5)
  A water moccasin skeleton (D:3)
  4 wights (D:7)
  An electric eel (D:8)
  A bullfrog zombie (D:6)
  A lava snake (Lair:1)
  2 jellies
  4 orc priests
  A water moccasin simulacrum (D:5)
  3 centaur skeletons
  8 hounds
  Jessica (D:2)
  A hexer (D:8)
  3 iguanas
  8 orc wizards
  A scorpion zombie (D:5)
  A killer bee zombie (D:6)
  An ogre zombie (D:6)
  A howler monkey zombie (D:7)
  9 adders
  2 gnoll zombies (D:6)
  An orc zombie (D:6)
  2 white imps
  A howler monkey simulacrum (D:5)
  An adder skeleton (D:4)
  2 dart slugs
  3 worms
  40 orcs
  3 ball pythons (D:1)
  5 endoplasms
  A giant cockroach (D:2)
  4 goblins
  5 hobgoblins
  7 jackals
  6 quokkas
  5 bats
  A frilled lizard (D:3)
  5 kobolds
  6 rats
  A spectral goblin (D:1)
205 creatures vanquished.

Vanquished Creatures (collateral kills)
  A komodo dragon (Lair:1)
  3 blink frogs
  The ghost of Eryximachus the Magician, an amateur VSWz (D:5)
  A fire elemental (Lair:1)
  2 yaks
  Duvessa (D:5)
  3 water moccasins (Lair:1)
  2 necrophages
  A black bear (D:6)
  An ogre (D:5)
  Dowan (D:5)
  An orc wizard (D:5)
  A hound skeleton (D:5)
  2 hound simulacra (D:5)
  An ufetubus (D:5)
  5 orcs
27 creatures vanquished.

Vanquished Creatures (others)
  An ancestor (D:4)
  4 hexers
  11 fungi
  A plant (Lair:2)
17 creatures vanquished.

Grand Total: 249 creatures vanquished

Notes
Turn   | Place    | Note
-------+----------+-------------------------------------------
     0 | D:1      | boopmooplesden the Minotaur Fighter began the quest for the
                  | Orb.
     0 | D:1      | Reached XP level 1. HP: 19/19 MP: 0/0
   121 | D:1      | Reached XP level 2. HP: 24/27 MP: 1/1
   181 | D:1      | Found a faded altar of an unknown god.
   554 | D:1      | Reached XP level 3. HP: 29/33 MP: 2/2
   887 | D:2      | Noticed Jessica
   918 | D:2      | Killed Jessica
   919 | D:2      | Reached skill level 3 in Long Blades
   919 | D:2      | Reached XP level 4. HP: 7/41 MP: 3/3
  1478 | D:2      | Reached skill level 1 in Dodging
  1891 | D:3      | Reached skill level 5 in Fighting
  1891 | D:3      | Reached skill level 4 in Long Blades
  1891 | D:3      | Reached XP level 5. HP: 36/48 MP: 4/4
  1991 | D:3      | Found a glowing silver altar of Zin.
  2023 | D:3      | Found a hazy altar of Hepliaklqana.
  2032 | D:3      | Became a worshipper of Hepliaklqana the Forgotten
  2372 | D:3      | Found an opulent altar of Gozag.
  2517 | D:4      | Found a burning altar of Makhleb.
  2517 | D:4      | Noticed a sky beast
  2667 | D:4      | Identified the ring "Ijuptaqe" {rC+ AC+4}
  2690 | D:4      | Reached * piety under Hepliaklqana
  2696 | D:4      | Noticed a phantom
  2699 | D:4      | Killed a phantom
  2717 | D:4      | Killed a sky beast
  2718 | D:4      | Reached skill level 5 in Long Blades
  2718 | D:4      | Reached skill level 5 in Armour
  2718 | D:4      | Reached XP level 6. HP: 50/50 MP: 5/5
  2833 | D:4      | Noticed Sigmund
  2842 | D:4      | Killed Sigmund
  2843 | D:4      | Reached XP level 7. HP: 40/55 MP: 6/6
  3071 | D:4      | Reached skill level 6 in Long Blades
  3768 | D:5      | Entered Level 5 of the Dungeon
  3791 | D:5      | Found a runed translucent gate.
  3791 | D:5      | Found a runed translucent gate.
  3791 | D:5      | Found a runed translucent gate.
  3849 | D:5      | HP: 1/55 [poisoned by an orc]
  4198 | D:5      | Reached skill level 7 in Long Blades
  4212 | D:5      | Reached XP level 8. HP: 56/63 MP: 7/7
  4262 | D:5      | Reached ** piety under Hepliaklqana
  4263 | D:5      | Remembered your ancestor Rodica as a hexer
  4283 | D:5      | Found a blossoming altar of Fedhas.
  4292 | D:5      | Found an ancient bone altar of Kikubaaqudgha.
  4303 | D:5      | Noticed Prince Ribbit
  4319 | D:5      | Reached skill level 8 in Long Blades
  4331 | D:5      | Killed Prince Ribbit
  4667 | D:5      | Noticed Pikel
  4699 | D:5      | Reached skill level 5 in Shields
  4711 | D:5      | Killed Pikel
  4712 | D:5      | Reached skill level 9 in Long Blades
  4712 | D:5      | Reached XP level 9. HP: 71/71 MP: 8/8
  4765 | D:5      | Noticed Duvessa
  4767 | D:5      | Noticed Dowan
  4774 | D:5      | Killed Duvessa
  4775 | D:5      | Reached skill level 10 in Long Blades
  4777 | D:5      | Killed Dowan
  5181 | D:5      | Noticed Eryximachus's ghost (amateur VSWz)
  5293 | D:5      | Killed Eryximachus's ghost
  5478 | D:6      | Reached skill level 11 in Long Blades
  5643 | D:6      | Found a transporter.
  5792 | D:6      | Found a transporter.
  5823 | D:6      | Reached skill level 1 in Stealth
  6692 | D:7      | Found a staircase to the Ecumenical Temple.
  6735 | D:7      | Found a stormy altar of Qazlal.
  6851 | D:7      | Reached *** piety under Hepliaklqana
  6945 | D:7      | Found a sacrificial altar of Ru.
  7028 | D:7      | Found a glowing golden altar of the Shining One.
  7042 | D:7      | Reached XP level 10. HP: 81/81 MP: 9/9
  7576 | D:8      | Found a staircase to the Lair.
  7582 | D:8      | Reached skill level 12 in Long Blades
  9027 | Lair:1   | Entered Level 1 of the Lair of Beasts
  9079 | Lair:1   | Reached **** piety under Hepliaklqana
  9137 | Lair:1   | Reached skill level 13 in Long Blades
  9137 | Lair:1   | Reached skill level 10 in Armour
  9687 | Lair:1   | Reached skill level 10 in Fighting
  9872 | Lair:1   | Noticed a black mamba
  9884 | Lair:1   | Killed a black mamba
  9885 | Lair:1   | Reached XP level 11. HP: 33/89 MP: 10/10
 11189 | Lair:2   | Reached skill level 14 in Long Blades
 11216 | Lair:2   | Slain by a blink frog

Illustrated notes

Levels and vault maps discovered:
D:1:      minmay_arrival_glassed_features, layout_basic,
          dreamdust_ecumenical_altar_drowned_temple, minivault_23
D:2:      layout_loops_cross, grunt_ministairs_8, minmay_tetromino_t4,
          uniq_jessica
D:3:      layout_rooms, mainiacjoe_overflow_alcove_2,
          mainiacjoe_overflow_large_starburst, hex_medium,
          roderic_cross_of_infinity, minivault_24
D:4:      nicolae_BIG_FREAKIN_CUBE, layout_basic, lemuel_tele_altar,
          guppyfry_early_orc_mine, uniq_sigmund
D:5:      cheibrodos_fzero, layout_basic,
          grunt_temple_overflow_growth_and_decay, gammafunk_ghost_icy,
          uniq_prince_ribbit1, uniq_pikel, uniq_duvessa
D:6:      gammafunk_cloud_chamber, layout_loops_cross, serial_bayou_pond_e,
          chequers_serial_rivers_micro_c, skrybe_limestone_x
D:7:      layout_loops_cross, tso_oasis_becter, kennysheep_mini_moat,
          nicolae_qazlal_eye_of_the_storm, minmay_temple_entry_statues_pillars
D:8:      layout_basic, erik_lair_island, serial_aquarium,
          aquarium_bridge_square [aquarium_subvault_bridge,
          aquarium_subvault_bridge, aquarium_subvault_window,
          aquarium_subvault_bridge], aquarium_window_fake, aquarium_window_1,
          aquarium_view_2a, aquarium_balcony_3b
Lair:1:   layout_gridlike, infiniplex_staircase_pool_2, grunt_megastairs_3
Lair:2:   layout_roguey, elwin_shoals_entry_stream, special_room
          [special_room_bee], grunt_megastairs_5

Skill      XL: |  1  2  3  4  5  6  7  8  9 10 11 |
---------------+----------------------------------+-----
Shields        | 4 5 6 7 |  7.2
Armour         | 4 5 6 7 8 10 11 | 11.4
Fighting       | 4 5 6 7 8 10 | 10.5
Long Blades    | 3 4 5 7 9 11 13 14 | 14.0
Dodging        | 1 2 3 |  3.1
Stealth        | 1 |  1.9

Action                   |  1- 3 |  4- 6 |  7- 9 | 10-12 || total
-------------------------+-------+-------+-------+-------++-------
Melee: Long sword        |    79 |    75 |   326 |   288 ||   768
       Headbutt          |     8 |    19 |    65 |    63 ||   155
Invok: Ancestor Life: He |       |       |     1 |       ||     1
  Use: Scroll            |       |     7 |       |     5 ||    12
       Potion            |       |       |     6 |     3 ||     9
 Stab: Distracted        |       |       |     3 |       ||     3
       Confused          |       |       |     2 |     2 ||     4
Armor: Scale mail        |    38 |    24 |     2 |       ||    64
       Plate armour      |       |       |   162 |   206 ||   368
Dodge: Dodged            |    49 |    35 |    81 |    98 ||   263
Block: Buckler           |    16 |    21 |    55 |    69 ||   161
